 Dungeon Crawl Stone Soup version 0.31-a0-868-g674d60d6f7 (webtiles) character file.

Game seed: 4790086103386529912

2 IdlyInterested the Magician (level 1, -11/15 HPs)
             Began as a Demonspawn Wanderer on Oct 11, 2023.
             Mangled by a gnoll
             ... wielding a +0 flail
              (12 damage)
             ... on level 1 of the Dungeon.
             The game lasted 00:00:40 (164 turns).

IdlyInterested the Magician (Demonspawn Wanderer)    Turns: 164, Time: 00:00:41

Health: -11/15     AC:  3    Str:  8    XL:     1   Next: 33%
Magic:  5/5        EV: 11    Int: 12    God:
Gold:   23         SH:  0    Dex: 17    Spells: 8/8 levels left

rFire   . . .        a - +0 falchion
rCold   . . .        (no shield)
rNeg    . . .        d - +0 robe
rPois   .            (no helmet)
rElec   .            (no cloak)
rCorr   .            b - +0 pair of gloves
SInv    .            (no boots)
Will    .....        (no amulet)
Stlth   ++           (no ring)
HPRegen 0.22/turn    (no ring)
MPRegen 0.09/turn

%: no passive effects
@: no status effects
A: no striking features
a: no special abilities


You were on level 1 of the Dungeon.
You visited 1 branch of the dungeon, and saw 1 of its levels.

You collected 23 gold pieces.

Inventory:

Hand Weapons
 a - a +0 falchion (weapon)
 e - a +0 mace
Missiles
 f - 3 stones (quivered)
Armour
 b - a +0 pair of gloves (worn)
 d - a +0 robe (worn)
Potions
 c - a potion of haste


   Skills:
 * Level 1.2 Fighting
 - Level 2.6 Long Blades
 + Level 0.2 Armour
 - Level 1.0 Stealth
 - Level 4.0 Spellcasting


You had 8 spell levels left.
You didn't know any spells.
Your spell library contained the following spells:

 Spells                   Type           Power      Damage    Failure   Level
 Foxfire                  Conj/Fire      8%         2x1d4     22%         1
 Slow                     Hex            8%         N/A       22%         1
 Searing Ray              Conj           4%         2d4       32%         2
 Static Discharge         Conj/Air       4%         2-3/arc   32%         2


Dungeon Overview and Level Annotations

Branches:
Dungeon (1/15)

Altars:


Message History

A giant cockroach is nearby!
The helpless giant cockroach fails to defend itself.
You hit the giant cockroach.
The giant cockroach is moderately wounded.
The giant cockroach closely misses you.
You slash the giant cockroach!
You kill the giant cockroach!
You now have 18 gold pieces.
Found a stone staircase leading down.
You now have 23 gold pieces (gained 5).
You open the door.
There is an open door here.
There is an open door here.
You open the door.
Found a stone staircase leading down.
There is an open door here.
There is an open door here.
There is an open door here.
You open the door.
There is an open door here.
There is an open door here.
There is an open door here.
A gnoll comes into view. It is wielding a +0 flail.
You hit the gnoll.
The gnoll is lightly wounded.
The gnoll hits you with a +0 flail!
Ouch! That really hurt!
The gnoll barely misses you.
You hit the gnoll.
The gnoll is heavily wounded.
The gnoll hits you with a +0 flail!
* * * LOW HITPOINT WARNING * * *
You barely miss the gnoll.
The gnoll is heavily wounded.
The gnoll misses you.
You hit the gnoll.
The gnoll is severely wounded.
The gnoll hits you with a +0 flail!
Ouch! That really hurt!
You die...

..........# #.# ##...#.#.....#
..........#. #.# #...#.#.....#
.#.##.....#.#.#####'##.###'###
.........###.........#.....#
##.##.#.#.#.#.#......'.#####
#.#.#..##>#......#.# #..
#.#...####.# #...#.##.......#
. #..g@...###### .#......#.##
..........# .####...### ##...
####


You could see a gnoll.

Vanquished Creatures
  A giant cockroach (D:1)
  A hobgoblin (D:1)
2 creatures vanquished.

Notes
Turn   | Place    | Note
-------+----------+-------------------------------------------
     0 | D:1      | IdlyInterested the Demonspawn Wanderer began the quest for
                  | the Orb.
     0 | D:1      | IdlyInterested set off with the following items: a +0
                  | falchion, a +0 pair of gloves, a potion of haste, a +0
                  | robe; and the following spells available to memorise:
                  | Foxfire, Slow, Searing Ray, Static Discharge.
     0 | D:1      | Reached XP level 1. HP: 15/15 MP: 5/5
   164 | D:1      | Mangled by a gnoll

Illustrated notes

Levels and vault maps discovered:
D:1:      dpeg_arrival_renting, layout_loops_ring, kennysheep_another_room,
          skrybe_limestone_x

Action                     || total
---------------------------++-------
  Melee: Falchion          ||     9
   Stab: Sleeping          ||     1
 Armour: Robe              ||     4
  Dodge: Dodged            ||     4

Table legend: (Time is in decaauts)
 A = Elapsed time spent in this place.
 B = Non-inter-level travel time spent in this place.
 C = Inter-level travel time spent in this place.
 D = Time resting spent in this place.
 E = Time spent auto-exploring this place.
 F = Levels seen in this place.
 G = Mean time per level.
                   A        B        C        D        E       F      G
               +--------+--------+--------+--------+--------+-----+--------+
         Total |    165 |    165 |      0 |      0 |    128 |   1 |  165.0 |
       Dungeon |    165 |    165 |      0 |      0 |    128 |   1 |  165.0 |
               +--------+--------+--------+--------+--------+-----+--------+

Top non-repeatable levels by time:
     D:1: 165 daAuts
